 Dungeon Crawl Stone Soup version 0.29.0 (webtiles) character file.

Game seed: 3173862349762408460

361 lyrin the Ducker (level 6, 0/47 HPs)
             Began as a Demonspawn Brigand on Sept 3, 2022.
             Was a Believer of Okawaru.
             Slain by a jelly (3 damage)
             ... on level 4 of the Dungeon.
             The game lasted 00:04:47 (3834 turns).

lyrin the Ducker (Demonspawn Brigand)               Turns: 3834, Time: 00:04:47

Health: 0/47       AC: -1    Str: 11    XL:     6   Next: 38%
Magic:  6/6        EV: 14    Int: 12    God:    Okawaru [**....]
Gold:   210        SH:  8    Dex: 17    Spells: 5/5 levels left

rFire   . . .      SeeInvis .   a - +2 dagger
rCold   . . .      Faith    +   C - +0 kite shield
rNeg    . . .      Spirit   .   u - +0 ring mail
rPois   .          Reflect  .   (no helmet)
rElec   .          Harm     .   c - +0 cloak
rCorr   .          Rampage  .   (no gloves)
Will    .....                   (no boots)
Stlth   ++........              g - amulet of faith
HPRegen 0.15/turn               l - +4 ring of evasion
MPRegen 0.20/turn               (no ring)

@: corroded
A: claws 2, hooves 1, foul stench 1, magic regeneration
a: Renounce Religion, Heroism


You were on level 4 of the Dungeon.
You worshipped Okawaru.
Okawaru was pleased with you.
You visited 1 branch of the dungeon, and saw 4 of its levels.

You collected 210 gold pieces.

Inventory:

Hand Weapons
 a - a +2 dagger (weapon)
Missiles
 d - 23 poisoned darts
 e - a curare-tipped dart (quivered)
 o - 3 atropa-tipped darts
Armour
 c - a +0 cloak (worn)
 u - a +0 ring mail (worn)
 C - a +0 kite shield (worn)
Jewellery
 g - an amulet of faith (around neck)
 l - a +4 ring of evasion (left claw)
 n - a ring of see invisible
 z - an amulet of magic regeneration
Scrolls
 b - a scroll of enchant armour {unknown}
 f - 3 scrolls of identify {unknown}
 h - a scroll of butterflies
 j - 2 scrolls of immolation
 p - 2 scrolls of enchant weapon {unknown}
 v - a scroll of poison {unknown}
 w - a scroll of brand weapon {unknown}
 x - a scroll of teleportation {unknown}
 y - 2 scrolls of torment {unknown}
Potions
 i - a potion of attraction {unknown}
 k - a potion of might {unknown}
 m - a potion of brilliance {unknown}
 q - 2 potions of heal wounds {unknown}
 s - 2 potions of curing {unknown}
 t - a potion of resistance {unknown}
 A - a potion of magic {unknown}
 B - a potion of flight {unknown}


   Skills:
 + Level 3.6 Fighting
 + Level 3.5 Short Blades
 - Level 1.7 Throwing
 + Level 1.3 Armour
 + Level 3.7 Dodging
 - Level 3.6 Stealth
 + Level 0.5 Shields


You had 5 spell levels left.
You didn't know any spells.
Your spell library contained the following spells:

 Spells                   Type           Power      Damage    Failure   Level
 Blink                    Tloc           0%         N/A       99%         2
 Lesser Beckoning         Tloc           0%         N/A       100%        3
 Manifold Assault         Tloc           0%         N/A       100%        5


Dungeon Overview and Level Annotations

Branches:
Dungeon (4/15)
 Temple: D:4-7

Altars:
Hepliaklqana
Kikubaaqudgha
Makhleb
Okawaru
Qazlal

Annotations:
D:3 1 runed translucent door, catcat's ghost, amateur GrEE


Innate Abilities, Weirdness & Mutations

You have very sharp fingernails.
You have large cloven feet.
You may rarely emit foul miasma when damaged in melee.
You regenerate magic rapidly.


Message History

You feel sick.
You are no longer poisoned.
The jelly closely misses you. The jelly hits you but does no damage.
You hit the jelly.
Your claws burn!
Your kick misses the jelly.
The jelly is heavily wounded.
The jelly hits you. The acid corrodes you!
You are splashed with acid!
You hit the jelly.
Your claws burn!
* * * LOW HITPOINT WARNING * * *
You kick the jelly.
The jelly is heavily wounded.
You hit the jelly.
Your claws burn!
* * * LOW HITPOINT WARNING * * *
You kick the jelly.
The jelly is almost dead.
The jelly misses you.
You aren't carrying any items that you can evoke.
Unknown command.
Okay, then.
Throw: 3 darts (curare)
Press: ? - help, Q - select action, (/) - cycle Shift-Dir - straight line, f - jelly
Aim: a jelly (almost dead, 90% to hit)
You throw a curare-tipped dart. The curare-tipped dart hits the jelly.
The jelly is almost dead.
The jelly closely misses you. x2
Throw: 2 darts (curare)
Press: ? - help, Q - select action, (/) - cycle Shift-Dir - straight line, f/p - jelly
Aim: a jelly (severely wounded, 90% to hit)
You throw a curare-tipped dart. The curare-tipped dart hits the jelly.
The jelly is severely wounded.
The jelly hits you.
* * * LOW HITPOINT WARNING * * *
The acid corrodes you!
You are splashed with acid!
* * * LOW HITPOINT WARNING * * *
You aren't carrying any items that you can evoke.
Unknown command.
Okay, then.
Okay, then.
As you read the scroll labelled BONEPI ICUCAYD, it crumbles to dust.
Nothing appears to happen.
It was a scroll of butterflies.
The jelly hits you.
You die...

. .. ... .... #####
..... ...#
......##..#######
.......J@.......#
#+#######'####..#
##.....# #.#
##.....####.#
##.....###.#.#
##.....###..#.##
#...).###...'..#
###.#
#####'####....#..#
....#
##.#.....#.....#..#


You could see a jelly.

Vanquished Creatures
  3 scorpions (D:4)
  Terence (D:2)
  An iguana (D:4)
  A gnoll (D:2)
  5 adders
  A worm (D:2)
  2 dart slugs
  An orc (D:4)
  4 bats
  4 endoplasms
  4 giant cockroaches
  5 goblins
  3 hobgoblins
  2 jackals (D:3)
  6 quokkas
  10 ball pythons
  4 frilled lizards
  9 kobolds
  5 rats
71 creatures vanquished.

Notes
Turn   | Place    | Note
-------+----------+-------------------------------------------
     0 | D:1      | lyrin the Demonspawn Brigand began the quest for the Orb.
     0 | D:1      | Reached XP level 1. HP: 16/16 MP: 1/1
    63 | D:1      | Reached skill level 1 in Dodging
   222 | D:1      | Found a faded altar of an unknown god.
   233 | D:1      | Discovered your monstrous ancestry.
   233 | D:1      | Gained mutation: You have sharp fingernails. [demonic
                  | ancestry]
   233 | D:1      | Reached XP level 2. HP: 11/22 MP: 2/2
   714 | D:1      | Prayed at the altar of an unknown god.
   714 | D:1      | Became a worshipper of Warmaster Okawaru
   714 | D:1      | Reached * piety under Okawaru
  1245 | D:2      | Noticed Terence
  1250 | D:2      | Killed Terence
  1251 | D:2      | Gained mutation: You have large cloven feet. [demonic
                  | ancestry]
  1251 | D:2      | Reached XP level 3. HP: 26/28 MP: 3/3
  1300 | D:2      | Gained mutation: You regenerate magic rapidly. [demonic
                  | ancestry]
  1300 | D:2      | Reached XP level 4. HP: 16/34 MP: 4/4
  2317 | D:3      | Found a burning altar of Makhleb.
  2317 | D:3      | Found a stormy altar of Qazlal.
  2325 | D:3      | Found a faded altar of an unknown god.
  2327 | D:3      | Found a hazy altar of Hepliaklqana.
  2328 | D:3      | Found an ancient bone altar of Kikubaaqudgha.
  2788 | D:3      | Gained mutation: You may rarely emit foul miasma when
                  | damaged in melee. [demonic ancestry]
  2788 | D:3      | Reached XP level 5. HP: 41/41 MP: 5/5
  2956 | D:3      | Found a runed translucent door.
  2957 | D:3      | Noticed a sky beast
  2989 | D:3      | Noticed catcat's ghost (amateur GrEE)
  3743 | D:4      | Reached ** piety under Okawaru
  3744 | D:4      | Reached skill level 1 in Armour
  3744 | D:4      | Gained mutation: You have very sharp fingernails. [demonic
                  | ancestry]
  3744 | D:4      | Reached XP level 6. HP: 44/47 MP: 6/6
  3834 | D:4      | Slain by a jelly

Illustrated notes

Levels and vault maps discovered:
D:1:      dpeg_arrival_round_a, layout_basic, basic_ecumenical_altar,
          solitary_fountain, st_stairs_13, amcnicky_mini_pool_small
D:2:      layout_rooms, cheibrodos_gnoll_hut, uniq_terence
D:3:      layout_basic, chequers_temple_overflow_minitemple,
          ebering_ghost_inner_flame, nicolae_figureground_pulse
D:4:      layout_loops_corners, minmay_strange_pillars, minmay_quadrilaterals

Skill      XL: |  1  2  3  4  5 |
---------------+----------------+-----
Dodging        | 1 2 3 |  3.7
Short Blades   | 2 3 |  3.5
Fighting       | 3 |  3.6
Armour         | 1 |  1.3
Throwing       | |  1.7
Stealth        | |  3.6
Shields        | |  0.5

Action                   |  1- 3 |  4- 6 || total
-------------------------+-------+-------++-------
Melee: Dagger            |    87 |   138 ||   225
       Kick              |     3 |    35 ||    38
Throw: Dart              |       |     2 ||     2
  Use: Scroll            |       |     1 ||     1
 Stab: Sleeping          |     4 |     9 ||    13
Armor: Robe              |    20 |    10 ||    30
       Ring mail         |       |    16 ||    16
Dodge: Dodged            |    74 |   117 ||   191
Block: Buckler           |       |     5 ||     5
       Kite shield       |       |    16 ||    16
